 Dungeon Crawl Stone Soup version 0.31-a0-845-g9abc20d24f (webtiles) character file.

Game seed: 8238969585290029976

240 CowFu the Changeling (level 6, 0/38 HPs)
             Began as an Octopode Shapeshifter on Oct 2, 2023.
             Was an Initiate of Dithmenos.
             Slain by a goblin
             ... wielding a +0 club
             ... led by Robin
              (5 damage)
             ... on level 4 of the Dungeon.
             The game lasted 00:02:53 (2859 turns).

CowFu the Changeling (Octopode Shapeshifter)        Turns: 2859, Time: 00:02:54

Health: 0/38       AC: -3    Str: 11 (14) XL:     6   Next: 8%
Magic:  6/6        EV: 13    Int: 10 (12) God:    Dithmenos [......]
Gold:   136        SH:  0    Dex: 12 (13) Spells: 5/5 levels left

rFire   . .          .
                       - Unarmed
rCold   . . .        (no shield)
rNeg    . . .        (helmet currently unavailable)
rPois   +            (no amulet)
rElec   .            p - ring of poison resistance
rCorr   .            (no ring)
SInv    .            (no ring)
Will    .....        (no ring)
Stlth   ++           (no ring)
HPRegen 0.26/turn    (no ring)
MPRegen 0.10/turn    (no ring)
                     (no ring)

%: no passive effects
@: mighty, beast-form, corroded
A: beast (slay +3), almost no armour, amphibious, 8 rings, camouflage 1,
gelatinous body 1, (nimble swimmer 1), tentacles
a: Begin Untransformation, Renounce Religion


You were on level 4 of the Dungeon.
You worshipped Dithmenos.
Dithmenos was noncommittal.
You were a hulking beast.
You visited 1 branch of the dungeon, and saw 4 of its levels.

You collected 136 gold pieces.

Inventory:

Armour
 n - a +1 hat of stealth
Jewellery
 p - a ring of poison resistance (left tentacle)
 q - a +6 ring of dexterity
 r - a ring of fire
Talismans
 b - a beast talisman (active)
 c - a flux talisman
Scrolls
 d - 4 scrolls of poison {unknown}
 e - a scroll of fog {unknown}
 f - a scroll of summoning {unknown}
 g - 5 scrolls of identify {unknown}
 i - a scroll of immolation {unknown}
 k - 3 scrolls of amnesia {unknown}
 l - a scroll of teleportation {unknown}
Potions
 a - 4 potions of lignification
 h - a potion of degeneration
 m - a potion of enlightenment {unknown}
 o - a potion of curing {unknown}
 s - a potion of might


   Skills:
 - Level 1.0 Fighting
 - Level 2.0 Dodging
 - Level 3.0 Unarmed Combat
 + Level 6.1 Shapeshifting


You had 5 spell levels left.
You didn't know any spells.
Your spell library was empty.

Dungeon Overview and Level Annotations

Branches:
Dungeon (4/15)
 Temple: D:4-7

Altars:
Dithmenos
Uskayaw

Shops:
D:1 [


Innate Abilities, Weirdness & Mutations

You are a hulking beast.
Your limbs bulge with bestial killing power. (Slay +3)
You cannot wear most types of armour.
You are amphibious.
You can wear up to eight rings at the same time.
Your skin changes colour to match your surroundings (Stealth+).
Your rubbery body absorbs attacks. (AC +1, EV +1)
((You are camouflaged when in or above water. (Stealth+)))
You have tentacles for arms and can constrict up to eight enemies at once.


Message History

The goblin hits you but does no damage.
Things that are here:
a +0 dagger; a +0 club; a goblin corpse You tentacle-slap the goblin.
You grab the goblin.
The goblin is severely wounded.
You constrict the goblin.
You kill the goblin!
Dithmenos accepts your kill. The goblin misses you.
Your Shapeshifting skill increases to level 6!
You closely miss the goblin. Your grab misses the goblin.
The goblin hits you with a +0 club.
You tentacle-slap the jelly.
Your tentacles burn!
You squeeze the jelly.
The jelly is almost dead.
The jelly hits you. The acid corrodes you!
You are splashed with acid!
The goblin hits you with a +0 club.
You tentacle-slap the jelly.
You kill the jelly!
Dithmenos accepts your kill. The goblin hits you with a +0 club.
You have reached level 6!
It was a potion of degeneration.
There was something very wrong with that liquid.
You feel weakened.
You feel dopey.
You feel clumsy. The adder misses you. The adder barely misses you.
The goblin hits you with a +0 club.
* * * LOW HITPOINT WARNING * * *
It was a potion of magic.
Magic courses through your body. The adder bites you.
* * * LOW HITPOINT WARNING * * *
The goblin hits you with a +0 club.
* * * LOW HITPOINT WARNING * * *
It was a potion of might.
You feel very mighty all of a sudden. The adder closely misses you.
The goblin misses you.
You tentacle-slap the adder. Your grab misses the adder.
Your squeeze misses the adder.
The adder is heavily wounded.
The adder misses you. The adder closely misses you.
The goblin hits you with a +0 club.
You die...

#################
#...............########
#...##.........))).....#
#...##.########.######J#
............)...hS.#
#.#.#.#.#.#.#.#.#g..>...
#................$#.##.#
###.#.#.#.).#.#.#.# #
.......#..#.....?..
#####.#.#.#...#.#..
#....... .....##
###.#... ..#.# .....
...#


You could see an adder and a goblin.

Vanquished Creatures
  A sleepcap (D:4)
  A jelly (D:4)
  An iguana (D:4)
  An orc wizard (D:3)
  Robin (D:4)
  An adder (D:2)
  2 worms
  A dart slug (D:2)
  10 orcs
  5 ball pythons
  10 endoplasms
  2 giant cockroaches
  10 hobgoblins
  7 jackals (D:2)
  5 kobolds
  3 quokkas
  5 bats
  3 frilled lizards
  10 goblins
  7 rats
86 creatures vanquished.

Notes
Turn   | Place    | Note
-------+----------+-------------------------------------------
     0 | D:1      | CowFu the Octopode Shapeshifter began the quest for the
                  | Orb.
     0 | D:1      | Reached XP level 1. HP: 13/13 MP: 1/1
   230 | D:1      | Found Wigal's Antique Armour Shop.
   249 | D:1      | Reached XP level 2. HP: 18/18 MP: 2/2
   948 | D:2      | Reached XP level 3. HP: 23/23 MP: 3/3
   950 | D:2      | Reached skill level 4 in Shapeshifting
  1402 | D:2      | Reached XP level 4. HP: 28/28 MP: 4/4
  1790 | D:3      | Found a hide-covered altar of Uskayaw.
  2266 | D:3      | Reached skill level 5 in Shapeshifting
  2287 | D:3      | Reached XP level 5. HP: 28/33 MP: 5/5
  2530 | D:4      | Found a shadowy altar of Dithmenos.
  2542 | D:4      | Became a worshipper of Dithmenos the Shadowed
  2835 | D:4      | Noticed Robin
  2845 | D:4      | Killed Robin
  2853 | D:4      | Reached skill level 6 in Shapeshifting
  2856 | D:4      | Reached XP level 6. HP: 11/38 MP: 6/6
  2859 | D:4      | Slain by a goblin

Illustrated notes

Levels and vault maps discovered:
D:1:      minmay_arrival_diagonal_passages, layout_loops_corners, serial_shops,
          nicolae_shop_tiny_real_fake_doors
D:2:      layout_basic, hangedman_decor_clover_reticule
D:3:      layout_basic, mainiacjoe_overflow_paths
D:4:      layout_loops_ring, nicolae_dithmenos_shadow_blocks,
          nemelex_diamond_rough_becter, minmay_temple_entry_glass,
          hangedman_decor_riveting, nicolae_shop_dragon_depot,
          uniq_crazy_yiuf_cottage, uniq_robin

Skill      XL: |  1  2  3  4  5 |
---------------+----------------+-----
Shapeshifting  | 4 5 6 |  6.1
Fighting       | |  1.0
Dodging        | |  2.0
Unarmed Combat | |  3.0

Action                     |  1- 3 |  4- 6 || total
---------------------------+-------+-------++-------
  Melee: Unarmed           |    74 |    93 ||   167
         Constrict         |    21 |    26 ||    47
         Tentacles         |    12 |    19 ||    31
         Punch             |     2 |     2 ||     4
    Use: Potion            |       |     3 ||     3
   Stab: Sleeping          |     5 |     4 ||     9
 Armour: Skin              |    25 |    50 ||    75
  Dodge: Dodged            |    48 |    51 ||    99

Table legend: (Time is in decaauts)
 A = Elapsed time spent in this place.
 B = Non-inter-level travel time spent in this place.
 C = Inter-level travel time spent in this place.
 D = Time resting spent in this place.
 E = Time spent auto-exploring this place.
 F = Levels seen in this place.
 G = Mean time per level.
                   A        B        C        D        E       F      G
               +--------+--------+--------+--------+--------+-----+--------+
         Total |   2849 |   2727 |    122 |      0 |   2279 |   4 |  712.2 |
       Dungeon |   2849 |   2727 |    122 |      0 |   2279 |   4 |  712.2 |
               +--------+--------+--------+--------+--------+-----+--------+

Top non-repeatable levels by time:
     D:1: 899 daAuts
     D:3: 820 daAuts
     D:2: 783 daAuts
     D:4: 346 daAuts
